 Dungeon Crawl Stone Soup version 0.25-a0-598-gc9c9e4cfe1 (webtiles) character file.

Game seed: 2440923094765942644, levelgen mode: deterministic

48127 Inarius the Brawler (level 14, 0/111 HPs)
             Began as a Troll Fighter on Mar 15, 2020.
             Was the Champion of Hepliaklqana.
             Shot with a bolt by an orc warrior (8 damage)
             ... on level 2 of the Orcish Mines.
             The game lasted 00:36:54 (17883 turns).

Inarius the Brawler (Troll Fighter)                Turns: 17883, Time: 00:36:57

Health: 0/111      AC: 16    Str: 31    XL:     14   Next: 11%
Magic:  18/18      EV: 11    Int:  4    God:    Hepliaklqana [******]
Gold:   1345       SH: 11    Dex:  9    Spells: 13/13 levels left

rFire    . . .     SeeInvis .     - Unarmed
rCold    . . .     Gourm    +   b - +0 kite shield
rNeg     . . .     Faith    +   K - +0 acid dragon scales
rPois    .         Spirit   .   A - +1 hat
rElec    .         Reflect  .   R - +0 cloak
rCorr    +         Harm     .   (gloves unavailable)
MR       ++...                  (boots unavailable)
Stlth    +.........             B - amulet of faith
HPRegen  0.68/turn              h - +3 ring of protection
MPRegen  0.16/turn              r - ring of protection from magic

@: no status effects
A: large, unfitting armour, reduced essence, claws 3, fast metabolism 3,
gourmand, regeneration 1, shaggy fur 1, tough skin 3
a: Recall Ancestor, Ancestor Identity, Transference, Idealise, Renounce Religion


You were on level 2 of the Orcish Mines.
You worshipped Hepliaklqana.
Hepliaklqana was exalted by your worship.
You were very full.

You visited 3 branches of the dungeon, and saw 19 of its levels.

You collected 1345 gold pieces.

Inventory:

Hand Weapons
 P - a +4 scimitar of flaming
Missiles
 x - a large rock (quivered)
Armour
 b - a +0 kite shield (worn)
 A - a +1 hat (worn)
 K - +0 acid dragon scales (worn)
 R - a +0 cloak (worn)
Jewellery
 h - a +3 ring of protection (left claw)
 k - an uncursed ring of see invisible
 r - a ring of protection from magic (right claw)
 t - a +4 ring of intelligence
 B - an amulet of faith (around neck)
 J - an uncursed ring of poison resistance
 Q - an uncursed ring of ice
Wands
 m - a wand of flame (72)
 q - a wand of random effects (20)
 y - a wand of digging (8)
 z - a wand of polymorph (3)
 M - a wand of paralysis (7)
 N - a wand of iceblast (13)
Scrolls
 f - 11 scrolls of remove curse
 g - 11 scrolls of teleportation
 j - 2 scrolls of enchant armour
 n - 9 scrolls of fear
 o - a scroll of magic mapping
 w - 2 scrolls of noise
 D - 5 scrolls of amnesia
 E - 2 scrolls of fog
 F - 3 scrolls of immolation
 G - 2 scrolls of holy word
 L - a scroll of blinking {unknown}
 S - a scroll of brand weapon {unknown}
 V - a scroll of summoning
Potions
 a - 2 potions of stabbing {unknown}
 c - 3 potions of might
 e - 5 potions of flight
 i - 2 potions of lignification
 l - 3 potions of ambrosia
 p - 6 potions of curing
 u - 2 potions of degeneration {unknown}
 v - a potion of resistance {unknown}
 C - 2 potions of cancellation {unknown}
 H - 2 potions of heal wounds
 O - a potion of brilliance {unknown}
 T - 2 potions of invisibility {unknown}
 W - a potion of haste {unknown}
Miscellaneous
 I - a sack of spiders
Comestibles
 d - 33 rations
 s - 8 chunks of flesh


   Skills:
 + Level 4.6 Fighting
 + Level 4.0 Armour
 - Level 6.0 Dodging
 + Level 6.8 Shields
 * Level 17.0 Unarmed Combat
 * Level 7.8 Invocations
 * Level 6.9 Evocations


You had 13 spell levels left.
You didn't know any spells.
Your spell library contained the following spells:

 Spells                   Type           Power        Failure   Level  Hunger
 Animate Skeleton         Necr           N/A          71%         1    ##.....
 Apportation              Tloc           #.....       71%         1    ##.....
 Beastly Appendage        Tmut           #.....       71%         1    ##.....
 Corona                   Hex            #......      71%         1    ##.....
 Summon Small Mammal      Summ           #...         71%         1    ##.....
 Sticks to Snakes         Tmut           #.......     85%         2    ###....
 Confusing Touch          Hex            #.......     97%         3    ####...
 Gell's Gravitas          Tloc           #.........   97%         3    ####...
 Spider Form              Tmut/Pois      #.........   97%         3    ####...
 Cause Fear               Hex            #.........   100%        4    #####..
 Ice Form                 Ice/Tmut       #.......     100%        4    #####..
 Petrify                  Tmut/Erth      #.......     100%        4    #####..
 Summon Lightning Spire   Summ/Air       #.......     100%        4    #####..
 Blade Hands              Tmut           #.........   100%        5    ######.
 Metabolic Englaciation   Hex/Ice        #.........   100%        5    ######.
 Silence                  Hex/Air        #.........   100%        5    ######.
 Summon Forest            Summ/Tloc      #.........   100%        5    ######.
 Yara's Violent Unravell  Hex/Tmut       #.........   100%        5    ######.
 Conjure Ball Lightning   Conj/Air       #.........   100%        6    #######
 Deflect Missiles         Chrm/Air       #.........   100%        6    #######
 Malign Gateway           Summ/Tloc      #.........   100%        7    #######
 Discord                  Hex            #.........   100%        8    #######
 Disjunction              Tloc           #.........   100%        8    #######
 Tornado                  Air            #.........   100%        9    #######


Dungeon Overview and Level Annotations

Branches:
Dungeon (11/15)            Temple (0/1) D:7            Lair (6/6) D:11
 Shoals (0/4) Lair:2        Snake (0/4) Lair:3        Slime (0/5) Lair:5
    Orc (2/2) D:9             Elf (0/3) Orc:2

Altars:
Elyvilon
Fedhas
Hepliaklqana
Nemelex Xobeh
Ru
Trog
Uskayaw
Vehumet
Wu Jian
Yredelemnul
Zin
The Shining One
Beogh

Annotations:
Orc:2 Erolcha


Innate Abilities, Weirdness & Mutations

You are too large for most types of armour.
You have claws for hands.
Your metabolism is lightning-fast.
You like to eat raw meat.
Your natural rate of healing is unusually fast.
You are covered in fur. (AC +1)
You have extremely tough skin. (AC +3)
Your life essence is reduced to manifest your ancestor. (-10% HP)


Message History

The orc warrior shoots a bolt.
The bolt closely misses you.
You hear a shout!
Found 20 gold pieces.
You see here a bolt.
The orc warrior shoots a bolt.
The bolt hits you!!
* * * LOW HITPOINT WARNING * * *
Tochtli hits the orc warrior with a +0 dagger of draining!
Tochtli drains the orc warrior.
The orc warrior throws a boomerang.
The boomerang hits you but does no damage.
The weapon returns to the orc warrior!
There is a stone staircase leading up, spattered with blood here.
Things that are here:
an arrow; 23 bolts The orc shoots a bolt.
You block the bolt.
Tochtli hits the orc warrior with a +0 dagger of draining.
Tochtli drains the orc warrior.
The orc warrior shoots a bolt.
The bolt hits you!!
* * * LOW HITPOINT WARNING * * *
The orc warrior shoots a bolt.
The bolt hits you!
You die...

##....#.......,,,≈≈ ******
##..(..........,≈≈≈≈
**,**.####......#.(....≈≈≈≈**
*,,,,$..#.#.R...#.....≈≈≈≈***
**,,*,......o..[(.......,,,,,
*,,,,**,#.(.o..o[.....o.,,,,,
**,,***##(..oooo#.....≈≈≈≈***
**** ##....((.)#......≈≈≈≈**
#.....@(..........,≈≈≈≈
***#.((.((.((#.......,,,≈≈
**,#...(...(..##......,,,,≈
*,,.#..((......##..##.,**,,
**,,...#(.......o..o.,,,,,,,
*,,,....(.......o....,,,,,,,
*,,,...#.............,,,,,**
*,,,,.........$......,,,,,,,
**,,,,...............,,,,,**


You could see the friendly Tochtli the hexer, 7 orc warriors and 2 orcs.

Vanquished Creatures
  A quicksilver dragon (Lair:4)
  Gastronok (Lair:1)
  An orc warlord (D:9)
  An emperor scorpion (Lair:6)
  3 dire elephants (Lair:6)
  A fire dragon (Lair:3)
  A hydra (Lair:4)
  Erica (D:11)
  2 death yaks
  Pikel (D:7)
  2 orc knights
  An orc sorcerer (Orc:1)
  An ugly thing (D:11)
  15 elephants
  A centaur zombie (D:9)
  Maurice (D:11)
  8 spiny frogs
  7 black mambas
  2 rime drakes
  4 komodo dragons
  A troll (D:9)
  A hornet (D:11)
  Prince Ribbit (D:7)
  5 blink frogs
  Sigmund (D:5)
  7 hippogriffs
  18 yaks
  Eustachio (D:4)
  A basilisk (Lair:1)
  A steam dragon (D:7)
  2 wargs
  12 water moccasins
  2 acid dragons
  8 porcupines
  4 sky beasts
  3 slaves (D:7)
  26 orc warriors
  8 ogres
  8 centaurs
  A phantom (D:8)
  5 crocodiles
  4 big kobolds
  8 bullfrogs
  Dowan (D:5)
  A water moccasin zombie (D:10)
  3 scorpions
  9 killer bees
  2 wights
  An electric eel (Lair:6)
  2 crimson imps
  3 bullfrog zombies
  4 jellies
  7 hounds
  2 gnoll shamans
  8 orc wizards
  15 orc priests
  4 centaur skeletons
  2 bullfrog skeletons
  Ijyb (D:4)
  3 iguanas
  5 worker ants
  A hound skeleton (D:5)
  A worker ant zombie (D:11)
  A howler monkey zombie (D:9)
  14 gnolls
  A howler monkey skeleton (D:5)
  15 adders
  2 shadow imps
  An adder skeleton (D:6)
  An adder zombie (D:6)
  6 worms
  3 dart slugs
  4 leopard geckos
  44 orcs
  10 giant cockroaches
  6 goblins
  2 hobgoblins
  11 jackals
  4 quokkas
  A ball python (D:7)
  7 bats
  8 frilled lizards
  A jackal skeleton (D:9)
  24 kobolds
  A quokka skeleton (D:6)
  A quokka zombie (D:9)
  8 rats
  2 plants (Lair:6)
436 creatures vanquished.

Vanquished Creatures (collateral kills)
  An anaconda (Lair:6)
  2 two-headed ogres (D:11)
  An unseen horror (D:10)
  An elephant (Lair:6)
  A spiny frog (Lair:6)
  A komodo dragon (Lair:6)
  A rime drake (Lair:4)
  A blink frog (Lair:1)
  A yak (D:9)
  A wyvern (Lair:4)
  A warg (D:9)
  3 water moccasins
  An orc warrior (Orc:1)
  Duvessa (D:5)
  An ice beast (D:9)
  A centaur (D:9)
  3 crocodiles
  3 bullfrogs
  A scorpion (D:9)
  A wight (D:9)
  A centaur zombie (D:6)
  An orc priest (D:7)
  A hound (D:9)
  3 orc wizards
  2 iguanas
  A worker ant (D:5)
  2 gnolls
  2 adders
  2 adder zombies
  16 orcs
  A jackal (D:6)
  6 kobolds
  A quokka (D:5)
  A fungus (Lair:1)
67 creatures vanquished.

Vanquished Creatures (others)
  A centaur warrior (Orc:2)
  9 hexers
  An ancestor (D:4)
  18 fungi
  10 plants (Lair:6)
39 creatures vanquished.

Grand Total: 542 creatures vanquished

Notes
Turn   | Place    | Note
-------+----------+-------------------------------------------
     0 | D:1      | Inarius the Troll Fighter began the quest for the Orb.
     0 | D:1      | Reached XP level 1. HP: 22/22 MP: 0/0
    92 | D:1      | Reached XP level 2. HP: 26/29 MP: 1/1
   348 | D:1      | Reached XP level 3. HP: 36/36 MP: 2/2
   994 | D:2      | Reached skill level 3 in Unarmed Combat
  1070 | D:2      | You fall into a shaft and drop 2 floors!
  1574 | D:3      | Reached XP level 4. HP: 39/44 MP: 3/3
  1719 | D:3      | Found a white marble altar of Elyvilon.
  1987 | D:3      | Reached skill level 4 in Unarmed Combat
  2145 | D:3      | Found a faded altar of an unknown god.
  2151 | D:3      | Became a worshipper of Hepliaklqana the Forgotten
  2151 | D:3      | Reached * piety under Hepliaklqana
  2183 | D:4      | Noticed Eustachio
  2189 | D:4      | Reached XP level 5. HP: 45/45 MP: 4/4
  2193 | D:4      | Killed Eustachio
  2193 | D:4      | Reached skill level 5 in Unarmed Combat
  2193 | D:4      | Reached XP level 6. HP: 51/53 MP: 5/5
  2298 | D:4      | Noticed Ijyb
  2310 | D:4      | Killed Ijyb
  2543 | D:4      | Found a blossoming altar of Fedhas.
  2612 | D:4      | Reached skill level 1 in Evocations
  2797 | D:4      | Noticed an orc warrior
  3102 | D:4      | Noticed an acid dragon
  3102 | D:4      | an orc warrior changed into an acid dragon
  3107 | D:4      | Killed an acid dragon
  3107 | D:4      | Reached skill level 6 in Unarmed Combat
  3135 | D:4      | Reached XP level 7. HP: 31/59 MP: 6/6
  3308 | D:5      | Entered Level 5 of the Dungeon
  3310 | D:5      | Noticed Sigmund
  3316 | D:5      | Killed Sigmund
  3433 | D:5      | Reached skill level 7 in Unarmed Combat
  3515 | D:5      | Reached ** piety under Hepliaklqana
  3516 | D:5      | Remembered your ancestor Tochtli as a hexer
  3636 | D:5      | Reached XP level 8. HP: 65/66 MP: 8/8
  3640 | D:5      | Found a hide-covered altar of Uskayaw.
  3801 | D:5      | Found a basalt altar of Yredelemnul.
  3807 | D:5      | Reached skill level 8 in Unarmed Combat
  3897 | D:5      | Noticed Duvessa
  3901 | D:5      | Noticed Dowan
  3909 | D:5      | Killed Duvessa
  3909 | D:5      | Reached skill level 1 in Invocations
  4134 | D:5      | Killed Dowan
  4481 | D:6      | Reached skill level 9 in Unarmed Combat
  4624 | D:6      | Got a smoking flail
  4745 | D:6      | Reached *** piety under Hepliaklqana
  4815 | D:6      | Reached XP level 9. HP: 72/72 MP: 10/10
  5017 | D:7      | Identified the cursed +3 flail "Tuwikki" {speed, MR+++
                  | Str-4 SInv Stlth-} (You found it on level 6 of the Dungeon)
  5245 | D:7      | Found a glowing silver altar of Zin.
  5291 | D:7      | Found a staircase to the Ecumenical Temple.
  5350 | D:7      | Found a radiant altar of Vehumet.
  5593 | D:7      | Noticed Prince Ribbit
  5599 | D:7      | Killed Prince Ribbit
  5599 | D:7      | Reached skill level 10 in Unarmed Combat
  6216 | D:8      | Noticed Pikel
  6336 | D:7      | Killed Pikel
  6483 | D:8      | Reached XP level 10. HP: 80/81 MP: 11/11
  6893 | D:8      | Reached **** piety under Hepliaklqana
  7051 | D:8      | Found a sacrificial altar of Ru.
  7252 | D:9      | Reached skill level 11 in Unarmed Combat
  7544 | D:9      | Got a transparent long sword
  7640 | D:9      | Found a staircase to the Orcish Mines.
  7646 | D:9      | Identified the +6 long sword of Agony {freeze, *Rage Int+2
                  | SInv} (You found it on level 9 of the Dungeon)
  7780 | D:9      | Found an ornate altar of the Wu Jian Council.
  7840 | D:9      | Found a glowing golden altar of the Shining One.
  7850 | D:9      | Found a bloodstained altar of Trog.
  7903 | D:9      | Reached skill level 5 in Shields
  7903 | D:9      | Reached skill level 12 in Unarmed Combat
  8029 | D:10     | Entered Level 10 of the Dungeon
  8192 | D:10     | Found a sparkling altar of Nemelex Xobeh.
  8231 | D:10     | Noticed an unseen horror
  8233 | D:10     | Killed an unseen horror
  8233 | D:10     | Reached XP level 11. HP: 53/88 MP: 13/13
  8342 | D:10     | Reached ***** piety under Hepliaklqana
  8675 | D:11     | Noticed Erica
  8758 | D:11     | Noticed Maurice
  8765 | D:11     | Killed Maurice
  8888 | D:11     | Reached skill level 5 in Dodging
  9043 | D:11     | Noticed a two-headed ogre
  9279 | D:11     | Noticed a two-headed ogre
  9289 | D:11     | Killed a two-headed ogre
  9395 | D:11     | Killed Erica
  9395 | D:11     | Reached skill level 13 in Unarmed Combat
  9395 | D:11     | Reached skill level 5 in Invocations
  9493 | D:11     | Noticed a purple ugly thing
  9502 | D:11     | Killed a purple ugly thing
  9564 | D:11     | Killed a two-headed ogre
  9675 | D:11     | Found a staircase to the Lair.
 10176 | Lair:1   | Entered Level 1 of the Lair of Beasts
 10191 | Lair:1   | Reached skill level 1 in Armour
 10242 | Lair:1   | Noticed Gastronok
 10257 | Lair:1   | Killed Gastronok
 10257 | Lair:1   | Reached skill level 5 in Evocations
 10438 | Lair:1   | Reached XP level 12. HP: 72/96 MP: 15/15
 10441 | Lair:1   | Reached skill level 14 in Unarmed Combat
 10876 | Lair:2   | Noticed a five-headed hydra
 10880 | Lair:2   | Noticed a death yak
 10880 | Lair:2   | a five-headed hydra changed into a death yak
 10891 | Lair:2   | Killed a death yak
 11620 | Lair:2   | Found a staircase to the Shoals.
 11724 | Lair:3   | Noticed a four-headed hydra
 11730 | Lair:3   | Noticed a fire dragon
 11730 | Lair:3   | a four-headed hydra changed into a fire dragon
 11736 | Lair:3   | Killed a fire dragon
 11756 | Lair:3   | Reached ****** piety under Hepliaklqana
 12039 | Lair:3   | Found a staircase to the Snake Pit.
 12748 | Lair:4   | Noticed a five-headed hydra
 12757 | Lair:4   | Killed a seven-headed hydra
 12757 | Lair:4   | Reached skill level 15 in Unarmed Combat
 12808 | Lair:4   | Identified Mobueh's Grimoire of Displacement
 13131 | Lair:4   | Noticed a six-headed hydra
 13134 | Lair:4   | Noticed a quicksilver dragon
 13134 | Lair:4   | a six-headed hydra changed into a quicksilver dragon
 13390 | Lair:4   | Killed a quicksilver dragon
 13390 | Lair:4   | Reached XP level 13. HP: 29/105 MP: 17/17
 13913 | Lair:5   | Found a staircase to the Slime Pits.
 14388 | Lair:6   | Entered Level 6 of the Lair of Beasts
 14887 | Lair:6   | Reached skill level 16 in Unarmed Combat
 15591 | Lair:6   | Noticed an emperor scorpion
 15591 | Lair:6   | a six-headed hydra changed into an emperor scorpion
 15607 | Lair:6   | Killed an emperor scorpion
 16064 | Lair:6   | Noticed a dire elephant
 16127 | Lair:6   | Killed a dire elephant
 16274 | Lair:6   | Noticed a dire elephant
 16274 | Lair:6   | Noticed a dire elephant
 16289 | Lair:6   | Killed a dire elephant
 16300 | Lair:6   | Killed a dire elephant
 16320 | Lair:6   | Got a crude quarterstaff
 16591 | Orc:1    | Entered Level 1 of the Orcish Mines
 16702 | Orc:1    | Noticed an orc warlord
 16848 | D:9      | Killed an orc warlord
 16975 | Orc:1    | Reached XP level 14. HP: 107/111 MP: 18/18
 17317 | Orc:1    | Found a roughly hewn altar of Beogh.
 17399 | Orc:2    | Entered Level 2 of the Orcish Mines
 17400 | Orc:2    | Noticed Erolcha
 17513 | Orc:2    | Reached skill level 17 in Unarmed Combat
 17883 | Orc:2    | Shot with a bolt by an orc warrior

Levels and vault maps discovered:
D:1:      dpeg_arrival_pond, layout_basic
D:2:      layout_loops_cross
D:3:      layout_loops_ring, first_ration, chequers_ecumenical_altar_lobes,
          elyvilon_altar_3
D:4:      layout_layer_cave, lemuel_coloured_pillars_altar,
          nicolae_zen_rock_garden, minmay_misc_feat_enclosed, uniq_eustachio,
          uniq_ijyb
D:5:      layout_loops_cross, kennysheep_little_box,
          eat_drink_and_be_merry_uskayaw, uniq_sigmund, uniq_duvessa
D:6:      layout_cave_pools
D:7:      layout_basic, old_standard_altar, minmay_temple_entry_proselytizer,
          basic_altar, uniq_prince_ribbit1
D:8:      layout_layer_cave, nicolae_ru_path_of_blood, uniq_pikel
D:9:      layout_cave_pools, amethyst_overflow_temple_binary,
          lemuel_doored_altar, david_orc_1_choice
D:10:     layout_cave_pools, basic_altar
D:11:     layout_gridville, lair_entry_dummy, uniq_erica, uniq_maurice
Lair:1:   layout_big_grid, cheibrodos_lair_reptile_den, lemuel_fruit_tree,
          uniq_gastronok
Lair:2:   layout_regular_city, elwin_shoals_entry_rooms, beast_lair_carwin_1,
          grunt_megastairs_3
Lair:3:   layout_cave_pods, dummy_snake_entry
Lair:4:   layout_cave_pods, columned_hall_lemuel, hibernation_bobbens
Lair:5:   layout_regular_city, slime_dummy, serial_bayou_shore_a
Lair:6:   due_jungle_book, layout_gridlike
Orc:1:    layout_diamond_mine, mines1_david
Orc:2:    st_orc_rangers, layout_caves, serial_shops, shop,
          nicolae_orc_tapped_out, uniq_erolcha

Skill      XL: |  1  2  3  4  5  6  7  8  9 10 11 12 13 14 |
---------------+-------------------------------------------+-----
Unarmed Combat | 3 4 5 6 7 9 10 12 13 15 16 17 | 17.0
Dodging        | 3 4 5 6 |  6.0
Shields        | 3 4 5 6 |  6.8
Evocations     | 1 2 3 4 5 6 |  6.9
Fighting       | 3 4 |  4.6
Invocations    | 1 3 4 5 6 7 |  7.8
Armour         | 2 3 4 |  4.0

Action                   |  1- 3 |  4- 6 |  7- 9 | 10-12 | 13-15 || total
-------------------------+-------+-------+-------+-------+-------++-------
Melee: Unarmed           |   121 |    96 |   338 |   574 |   408 ||  1537
Invok: Ancestor Life: He |       |       |     1 |       |       ||     1
       Recall Ancestor   |       |       |     1 |       |     1 ||     2
Evoke: Wand              |       |     1 |     6 |    30 |    20 ||    57
       Sack of spiders   |       |       |       |     2 |       ||     2
  Use: Scroll            |     4 |     1 |    11 |     7 |     6 ||    29
       Potion            |       |       |     1 |     1 |     1 ||     3
 Stab: Sleeping          |       |     1 |       |       |       ||     1
       Confused          |       |       |     1 |     2 |       ||     3
       Distracted        |       |       |     3 |     7 |     3 ||    13
       Paralysed         |       |       |       |     6 |       ||     6
  Eat: Chunk             |    20 |    13 |    31 |    61 |    44 ||   169
Armor: Robe              |    50 |    17 |    70 |    83 |       ||   220
       Skin              |       |       |     1 |       |       ||     1
       Acid dragon scale |       |       |       |   105 |   132 ||   237
Dodge: Dodged            |    34 |    27 |   124 |   214 |   151 ||   550
Block: Kite shield       |    54 |    31 |   174 |   236 |   217 ||   712

Table legend:
 A = Non-vault XP
 B = Vault XP
 C = Vault XP percentage of total XP
 D = Non-vault monster count
 E = Vault monster count
 F = Vault count percentage of total count
                 A         B        C        D         E       F
            +---------+---------+-------+---------+---------+-------
      Total |   54547 |   14207 |  20.7 |     443 |      55 |  11.0
            +---------+---------+-------+---------+---------+-------
        D:1 |      60 |       0 |   0.0 |      33 |       0 |   0.0
        D:2 |      13 |       0 |   0.0 |       7 |       0 |   0.0
        D:3 |     108 |       0 |   0.0 |      26 |       0 |   0.0
        D:4 |     338 |     234 |  40.9 |       9 |       2 |  18.2
        D:5 |     938 |     449 |  32.4 |      33 |       3 |   8.3
        D:6 |     689 |       0 |   0.0 |      20 |       0 |   0.0
        D:7 |    1398 |     952 |  40.5 |      44 |       3 |   6.4
        D:8 |    1028 |       0 |   0.0 |      31 |       0 |   0.0
        D:9 |    5209 |     636 |  10.9 |      41 |       9 |  18.0
       D:10 |    1466 |       0 |   0.0 |      15 |       0 |   0.0
       D:11 |    4310 |    1321 |  23.5 |      43 |       2 |   4.4
     Lair:1 |    4627 |    2782 |  37.5 |      22 |       8 |  26.7
     Lair:2 |    1498 |    1834 |  55.0 |       3 |       9 |  75.0
     Lair:3 |    2985 |       0 |   0.0 |       8 |       0 |   0.0
     Lair:4 |    7736 |       0 |   0.0 |      16 |       0 |   0.0
     Lair:5 |    3603 |       0 |   0.0 |      16 |       0 |   0.0
     Lair:6 |   15887 |    2964 |  15.7 |      36 |       5 |  12.2
      Orc:1 |    2515 |    1131 |  31.0 |      37 |       5 |  11.9
      Orc:2 |     139 |    1904 |  93.2 |       3 |       9 |  75.0
            +---------+---------+-------+---------+---------+-------
